 Dungeon Crawl Stone Soup version 0.30-a0-723-gc1506a1cf0 (webtiles) character file.

Game seed: 9981488420635244243

1949 kae the Jinx (level 8, -1/36 HPs)
             Began as a Spriggan Enchanter on Jan 28, 2023.
             Succumbed to a hornet's poison
             ... on level 7 of the Dungeon.
             The game lasted 00:08:22 (4654 turns).

kae the Jinx (Spriggan Enchanter)                   Turns: 4654, Time: 00:08:23

Health: -1/36      AC:  6    Str:  4    XL:     8   Next: 99%
Magic:  15/17      EV: 20    Int: 19    God:
Gold:   355        SH:  0    Dex: 15    Spells: 10/18 levels left

rFire   + . .      SeeInvis +    e - +1 dagger (elec)
rCold   . . .      Faith    .    (no shield)
rNeg    . . .      Spirit   .    b - +1 robe
rPois   .          Reflect  .    (helmet restricted)
rElec   .          Harm     .    p - +2 cloak
rCorr   .          Rampage  .    (gloves unavailable)
Will    +....                    (boots unavailable)
Stlth   ++++                     (no amulet)
HPRegen 0.26/turn                F - ring of protection from fire
MPRegen 0.15/turn                (no ring)

@: lethally poisoned (-1 -> -8), slowed, quick
A: very small, no large weapons, unfitting armour, see invisible, speed 3
a: no special abilities


You were on level 7 of the Dungeon.
You visited 1 branch of the dungeon, and saw 7 of its levels.

You collected 355 gold pieces.


Innate Abilities, Weirdness & Mutations

You are very small and have problems with some larger weapons.
You are too small for most types of armour.
You have supernaturally acute eyesight. (SInv)
You cover ground extremely quickly. (Speed+++)


   Skills:
 * Level 6.5 Short Blades
 + Level 6.3 Dodging
 + Level 8.0 Stealth
 + Level 5.7 Spellcasting
 * Level 8.2 Hexes
 - Level 2.0 Ice Magic


You had 10 spell levels left.
You knew the following spells:

 Your Spells              Type           Power      Damage    Failure   Level
a - Ensorcelled Hibernat  Hex/Ice        48%        N/A       2%          2
b - Confusing Touch       Hex            36%        N/A       1%          3
c - Dazzling Flash        Conj/Hex       42%        N/A       6%          3

Your spell library contained the following spells:

 Spells                   Type           Power      Damage    Failure   Level
 Tukima's Dance           Hex            36%        N/A       1%          3
 Blink                    Tloc           10%        N/A       17%         2
 Lesser Beckoning         Tloc           10%        N/A       17%         2
 Momentum Strike          Conj/Tloc      10%        3d8       17%         2
 Anguish                  Hex/Necr       10%        N/A       22%         4
 Spider Form              Tmut/Pois      5%         N/A       34%         3

Inventory:

Hand Weapons
 a - a +1 dagger of electrocution
 e - a +1 dagger of electrocution (weapon)
   (You took it off a kobold on level 1 of the Dungeon)
Missiles
 d - 56 stones (quivered)
 i - 3 boomerangs
 j - 5 poisoned darts
Armour
 b - a +1 robe (worn)
 p - a +2 cloak (worn)
   (You took it off Crazy Yiuf on level 4 of the Dungeon)
Magical Staves
 f - a staff of conjuration {!a}
   (You found it on level 1 of the Dungeon)
 g - a staff of death {!a}
   (You found it on level 1 of the Dungeon)
Jewellery
 v - a ring of see invisible
   (You found it on level 4 of the Dungeon)
 A - an amulet of the acrobat
   (You found it on level 6 of the Dungeon)
 F - a ring of protection from fire (left hand)
   (You found it on level 4 of the Dungeon)
 T - an amulet of faith {!P}
   (You found it on level 6 of the Dungeon)
Scrolls
 h - 7 scrolls of teleportation {@r4}
 k - a scroll of blinking {!r}
 t - a scroll of fog
Potions
 c - 2 potions of invisibility
 l - 3 potions of curing {@q1}
 m - a potion of brilliance
 n - a potion of mutation {unknown}
 o - 2 potions of haste {@q3}
 q - a potion of magic
 r - a potion of attraction {!q}
 u - a potion of might {unknown}
 w - 2 potions of heal wounds {@q2}

Dungeon Overview and Level Annotations

Branches:
Dungeon (7/15) Zot: 26936
 Temple: D:4-7

Altars:
Elyvilon
Gozag
Trog
Yredelemnul

#.#.####.# #
#.####ยง#####.#
#.....y......#
######.#####.# ##
#.# ..# #.### #.#
#...# #.# #.#.# #.#
#@#.# #.# #.#.# #.
#.####.#.# #.#
#......#.# #.#
#..#####.# #.#
####.######..#####.#
#.#
.........>.........
#.#
###.).............
#.#
#.........#####.#
#.#


You could see a hornet.


Message History

You assume a fearsome visage.
Nothing appears to happen.
It was a scroll of fear.
l - 4 potions of curing {@q1} (gained 1)
A black bear comes into view.
A black bear is nearby!
A black bear is nearby!
The black bear bites you.
The black bear barely misses you. x2 ๐Ÿ˜• HP[-2]
You take 2 damage, and now have 34/36 hp.
Casting: Confusing Touch (safe; 1% risk of failure)
Confirm with . or Enter, or press ? or * to list all spells.
Aiming: Ensorcelled Hibernation (safe; 2% risk of failure)
Press: ? - help, Shift-Dir - straight line, f - black bear
Aim: a black bear (chance to affect: 55%)
The black bear looks drowsy... ๐Ÿ˜• MP[-2]
You lost 2 mp, and now have 15/17 mp.
The helpless black bear fails to defend itself.
You stick the black bear like a pincushion!!!
You kill the black bear!
Your Stealth skill increases to level 8! ๐Ÿ˜• HP[+1]
h - 7 scrolls of teleportation {@r4} (gained 1)
There is a stone staircase leading down here.
You now have 355 gold pieces (gained 9).
An orc comes into view. It is wielding a +0 dagger.
Unknown command. ๐Ÿ˜Ž HP[+1] MP[+2]
Your hp is fully restored (36).
Your mp is fully restored (17).
An orc is nearby!
Unknown command.
An orc is nearby!
An orc is nearby!
Unknown command.
An orc is nearby!
An orc is nearby!
You hear the faint creaking of a portcullis nearby.
An orc warrior comes into view. It is wielding a +1 heavy hand axe.
The orc warrior moves out of view.
An orc priest and a hornet come into view.
The hornet buzzes angrily.
The orc shouts!
The orc hits you but does no damage.
The orc priest shouts!
You hit the orc. You hit the orc.
The orc priest casts a cantrip, but nothing happens.
The orc hits you but does no damage.
You hit the orc.
You kill the orc!
The hornet completely misses you.
You closely miss the hornet. The hornet stings you.
You suddenly lose the ability to move!
The hornet stings you.
You are poisoned.
You feel yourself slow down.
You feel yourself speed up.
You feel sick. The hornet stings you.
You are more poisoned.
You feel yourself slow down. The orc priest barely misses you.
The orc warrior barely misses you. The hornet stings you!
* * * LOW HITPOINT WARNING * * *
You feel as though you will be slow longer.
You can move again. ๐Ÿ˜จ HP[-21]
You take 21 damage, and now have 15/36 hp.
MASSIVE DAMAGE!! (PAUSE) Really read
k - 3 scrolls of blinking {!r}?
Blink to where?
Press: ? - help, Dir - move target
As you read the scroll of blinking {!r}, it crumbles to dust.
* * * LOW HITPOINT WARNING * * *
You feel very sick. ๐Ÿ˜ฑ HP[-6]
You take 6 damage, and now have 9/36 hp.
You feel better. ๐Ÿ˜ฎ HP[+11]
You regained 11 hp, and now have 20/36 hp.
The hornet stings you!
* * * LOW HITPOINT WARNING * * *
You are lethally poisoned!
You feel as though you will be slow longer. ๐Ÿ˜ฑ HP[-14]
You take 14 damage, and now have 6/36 hp.
MASSIVE DAMAGE!! (PAUSE) Really read
k - 2 scrolls of blinking {!r}?
Blink to where?
Press: ? - help, Dir - move target
As you read the scroll of blinking {!r}, it crumbles to dust.
* * * LOW HITPOINT WARNING * * *
You feel very sick. ๐Ÿ˜ฑ HP[-4]
You take 4 damage, and now have 2/36 hp.
Casting: Ensorcelled Hibernation (safe; 2% risk of failure)
Confirm with . or Enter, or press ? or * to list all spells.
Aiming: Ensorcelled Hibernation (safe; 2% risk of failure)
Press: ? - help, Shift-Dir - straight line, f - hornet
Aim: a hornet (chance to affect: 47%)
The hornet resists with some effort.
You die...

Skill      XL: |  1  2  3  4  5  6  7  8 |
---------------+-------------------------+-----
Hexes          | 4 5 6 8 |  8.2
Short Blades   | 2 3 4 5 6 |  6.5
Dodging        | 3 4 5 6 |  6.3
Spellcasting   | 3 4 5 |  5.7
Stealth        | 5 6 8 |  8.0
Ice Magic      | 1 2 |  2.0

Action                     |  1- 3 |  4- 6 |  7- 9 || total
---------------------------+-------+-------+-------++-------
  Melee: Dagger            |    87 |   160 |   122 ||   369
         Punch             |     2 |     1 |     2 ||     5
   Cast: Ensorcelled Hiber |     8 |    39 |     9 ||    56
         Confusing Touch   |       |     1 |     6 ||     7
    Use: Potion            |       |     1 |     1 ||     2
         Scroll            |       |     5 |    11 ||    16
   Stab: Sleeping          |    10 |    34 |    12 ||    56
         Distracted        |     1 |       |       ||     1
         Confused          |       |     1 |     6 ||     7
 Armour: Robe              |     5 |    23 |    18 ||    46
  Dodge: Dodged            |    60 |   182 |    83 ||   325

Levels and vault maps discovered:
D:1:      eino_arrival_druids_welcome, layout_loops_ring
D:2:      layout_basic, uniq_natasha
D:3:      layout_rooms, minivault_27, uniq_robin
D:4:      layout_cave_pools, nicolae_overflow_hidden_temple,
          uniq_crazy_yiuf_cottage
D:5:      layout_basic, mumra_transporter_accident, sigmund_edmund_badplayer,
          uniq_edmund, uniq_blork_the_orc
D:6:      layout_rooms, grunt_ministairs_5, uniq_menkaure
D:7:      layout_loops_ring, minmay_temple_entry_nine_rooms, enter_bailey_2,
          uniq_maggie

Notes
Turn   | Place    | Note
-------+----------+-------------------------------------------
     0 | D:1      | kae the Spriggan Enchanter began the quest for the Orb.
     0 | D:1      | Reached XP level 1. HP: 9/9 MP: 5/5
     0 | D:1      | magus.rc [v1.11.3]
   165 | D:1      | Reached XP level 2. HP: 7/13 MP: 6/6
   168 | D:1      | Learned a level 2 spell: Ensorcelled Hibernation
   210 | D:1      | Reached skill level 4 in Hexes
   283 | D:1      | HP: 2/13 [quokka (3)]
   294 | D:1      | HP: 2/13 [bat (1)]
   299 | D:1      | HP: 2/13 [kobold/stone (1)]
   689 | D:1      | You pick up a book of Dreams and begin reading...
   689 | D:1      | You add the spells Spider Form and Anguish to your library.
   710 | D:1      | Reached skill level 2 in Short Blades
   710 | D:1      | Reached skill level 3 in Dodging
   710 | D:1      | Reached XP level 3. HP: 16/16 MP: 5/8
   786 | D:1      | Learned a level 3 spell: Confusing Touch
   945 | D:2      | Reached skill level 3 in Spellcasting
  1004 | D:2      | Reached XP level 4. HP: 14/21 MP: 6/9
  1275 | D:2      | Reached skill level 5 in Stealth
  1276 | D:2      | HP: 3/21 [orc/+3 falchion (9)]
  1639 | D:2      | Noticed Natasha
  1653 | D:2      | Killed Natasha
  1654 | D:2      | Reached XP level 5. HP: 16/24 MP: 7/11
  1732 | D:2      | Learned a level 3 spell: Dazzling Flash
  1746 | D:2      | Reached skill level 3 in Short Blades
  1746 | D:2      | Reached skill level 5 in Hexes
  1856 | D:3      | Noticed Robin
  1955 | D:2      | Killed Robin
  2623 | D:4      | Reached skill level 4 in Dodging
  2693 | D:4      | Reached XP level 6. HP: 28/28 MP: 9/12
  2859 | D:4      | Found a basalt altar of Yredelemnul.
  2861 | D:4      | Found an opulent altar of Gozag.
  3098 | D:4      | Found a white marble altar of Elyvilon.
  3100 | D:4      | Found a bloodstained altar of Trog.
  3138 | D:4      | Reached skill level 6 in Stealth
  3138 | D:4      | Reached skill level 1 in Ice Magic
  3304 | D:4      | Found a runed translucent door.
  3305 | D:4      | Noticed Crazy Yiuf
  3311 | D:4      | Killed Crazy Yiuf
  3312 | D:4      | Reached skill level 4 in Short Blades
  3312 | D:4      | Reached skill level 4 in Spellcasting
  3345 | D:5      | Entered Level 5 of the Dungeon
  3366 | D:5      | You pick up a book of Spatial Translocations and begin
                  | reading...
  3366 | D:5      | You add the spells Blink, Momentum Strike and Lesser
                  | Beckoning to your library.
  3378 | D:5      | Noticed Blork the orc
  3389 | D:5      | Killed Blork the orc
  3390 | D:5      | Reached XP level 7. HP: 21/32 MP: 9/14
  3447 | D:5      | Reached skill level 6 in Hexes
  3620 | D:5      | Noticed Edmund
  3628 | D:5      | Killed Edmund
  3629 | D:5      | Reached skill level 2 in Ice Magic
  3641 | D:5      | Noticed Sigmund
  3644 | D:5      | Killed Sigmund
  3645 | D:5      | Reached skill level 5 in Short Blades
  3645 | D:5      | Reached skill level 5 in Dodging
  3884 | D:5      | Reached XP level 8. HP: 36/36 MP: 15/15
  4060 | D:6      | Reached skill level 7 in Hexes
  4109 | D:6      | Reached skill level 7 in Stealth
  4201 | D:6      | Reached skill level 5 in Spellcasting
  4441 | D:6      | Noticed Menkaure
  4452 | D:6      | Killed Menkaure
  4453 | D:6      | Reached skill level 6 in Short Blades
  4484 | D:6      | Noticed a hornet
  4493 | D:6      | Killed a hornet
  4494 | D:6      | Reached skill level 6 in Dodging
  4494 | D:6      | Reached skill level 8 in Hexes
  4596 | D:7      | Reached skill level 8 in Stealth
  4640 | D:7      | Noticed a hornet
  4647 | D:7      | Paralysed by a hornet for 2 turns
  4650 | D:7      | HP: 9/36 [poisoned by a hornet]
  4653 | D:7      | HP: 2/36 [poisoned by a hornet]
  4654 | D:7      | Succumbed to a hornet's poison

Vanquished Creatures
  A hornet (D:6)
  Sigmund (D:5)
  Menkaure (D:6)
  Edmund (D:5)
  An ice beast (D:6)
  2 black bears
  2 phantoms
  Blork the orc (D:5)
  A necrophage (D:6)
  2 bullfrogs
  A scorpion (D:6)
  4 hounds
  A jelly (D:6)
  An orc priest (D:2)
  Crazy Yiuf (D:4)
  4 iguanas
  Natasha (D:2)
  An orc wizard (D:2)
  Robin (D:2)
  4 gnolls
  9 adders
  An ufetubus (D:4)
  4 worms
  8 orcs
  9 endoplasms
  3 giant cockroaches
  14 goblins
  10 hobgoblins
  3 jackals (D:5)
  4 quokkas
  5 ball pythons
  9 bats
  3 frilled lizards
  7 kobolds
  3 rats
124 creatures vanquished.

Vanquished Creatures (others)
  A goblin (D:3)
  A hobgoblin (D:3)
2 creatures vanquished.

Grand Total: 126 creatures vanquished

Table legend:
 A = Non-vault XP
 B = Vault XP
 C = Vault XP percentage of total XP
 D = Non-vault monster count
 E = Vault monster count
 F = Vault count percentage of total count
                 A         B        C        D         E       F
            +---------+---------+-------+---------+---------+-------
      Total |    1877 |     908 |  32.6 |     106 |      18 |  14.5
            +---------+---------+-------+---------+---------+-------
        D:1 |      53 |       0 |   0.0 |      24 |       0 |   0.0
        D:2 |     159 |      60 |  27.4 |      25 |       7 |  21.9
        D:3 |      42 |       8 |  16.0 |      17 |       4 |  19.0
        D:4 |     294 |      40 |  12.0 |      15 |       1 |   6.2
        D:5 |     311 |     499 |  61.6 |      14 |       3 |  17.6
        D:6 |     795 |     301 |  27.5 |       8 |       3 |  27.3
        D:7 |     223 |       0 |   0.0 |       3 |       0 |   0.0
            +---------+---------+-------+---------+---------+-------

Illustrated notes

Table legend:
 A = Kills in this place as a percentage of kills in entire the game.
 B = Kills by you in this place as a percentage of kills by you in the entire game.
 C = Kills by friends in this place as a percentage of kills by friends in the entire game.
 D = Other kills in this place as a percentage of other kills in the entire game.
 E = Experience gained in this place as a percentage of experience gained in the entire game.
 F = Experience gained in this place divided by the number of levels of this place that you have seen.
                   A       B       C       D       E      F
               +-------+-------+-------+-------+-------+----------------------
         Total | 100.0 | 100.0 |   N/A |   N/A | 100.0 | 397.9
       Dungeon | 100.0 | 100.0 |   N/A |   N/A | 100.0 | 397.9
               +-------+-------+-------+-------+-------+----------------------

Table legend: (Time is in decaauts)
 A = Elapsed time spent in this place.
 B = Non-inter-level travel time spent in this place.
 C = Inter-level travel time spent in this place.
 D = Time resting spent in this place.
 E = Time spent auto-exploring this place.
 F = Levels seen in this place.
 G = Mean time per level.
                   A        B        C        D        E       F      G
               +--------+--------+--------+--------+--------+-----+--------+
         Total |   3412 |   3336 |     76 |    377 |   2146 |   7 |  487.4 |
       Dungeon |   3412 |   3336 |     76 |    377 |   2146 |   7 |  487.4 |
               +--------+--------+--------+--------+--------+-----+--------+

Top non-repeatable levels by time:
     D:2: 863 daAuts
     D:1: 619 daAuts
     D:4: 521 daAuts
     D:5: 492 daAuts
     D:3: 484 daAuts
     D:6: 369 daAuts
     D:7: 63 daAuts
